 Dungeon Crawl Stone Soup version 0.25.0-10-g039870ee82 (webtiles) character file.

Game seed: 3142568867796791478

435 Aviak the Ducker (level 7, -5/58 HPs)
             Began as a Ghoul Earth Elementalist on June 23, 2020.
             Killed by divine providence
             ... invoked by an orc priest
              (12 damage)
             ... on level 4 of the Dungeon.
             The game lasted 00:05:22 (4348 turns).

Aviak the Ducker (Ghoul Earth Elementalist)         Turns: 4348, Time: 00:05:23

Health: -5/58      AC:  6    Str: 13 (14) XL:     7   Next: 0%
Magic:  2/9        EV: 11    Int: 10      God:
Gold:   121        SH:  3    Dex:  8 (9)  Spells: 9/10 levels left

rFire    . . .     SeeInvis .     - Unarmed
rCold    + . .     Gourm    .   n - +0 buckler
rNeg     + + +     Faith    .   k - +0 ring mail
rPois    ∞         Spirit   .   e - +0 helmet
rElec    .         Reflect  .   (no cloak)
rCorr    .         Harm     .   (no gloves)
MR       .....                  (no boots)
Stlth    +.........             (no amulet)
HPRegen  0.00/turn              (no ring)
MPRegen  0.11/turn              (no ring)

@: very slightly contaminated, rotting
A: rotting body, claws 1, carnivore, cold resistance 1, negative energy
resistance 3, inhibited regeneration, torment resistance, unbreathing
a: no special abilities


You were on level 4 of the Dungeon.
You were not hungry.

You visited 1 branch of the dungeon, and saw 4 of its levels.

You collected 121 gold pieces.

Inventory:

Missiles
 b - 69 stones (quivered)
Armour
 e - a +0 helmet (worn)
 i - a +0 leather armour
 k - a +0 ring mail (worn)
 m - a +0 robe
 n - a +0 buckler (worn)
Scrolls
 a - 4 scrolls of identify {unknown}
 f - a scroll of fear {unknown}
 g - 2 scrolls of magic mapping {unknown}
 h - a scroll of remove curse {unknown}
 l - 3 scrolls of teleportation {unknown}
 o - a scroll of immolation {unknown}
Potions
 j - a potion of degeneration {!q!q}
Comestibles
 d - 3 rations


   Skills:
 + Level 3.8 Fighting
 + Level 0.0 Armour
 - Level 4.0 Dodging
 - Level 2.3 Stealth
 + Level 0.8 Shields
 + Level 3.8 Unarmed Combat
 - Level 2.0 Spellcasting
   Level 0.8 Transmutations
 - Level 3.5 Earth Magic


You had 9 spell levels left.
You knew the following spells:

 Your Spells              Type           Power        Failure   Level  Hunger
a - Sandblast             Erth           #.....       24%         1    ##.....

Your spell library contained the following spells:

 Spells                   Type           Power        Failure   Level  Hunger
 Passwall                 Tmut/Erth      #.......     54%         2    ###....
 Stone Arrow              Conj/Erth      #.....       83%         3    ####...
 Petrify                  Tmut/Erth      #.......     99%         4    #####..
 Lee's Rapid Deconstruct  Erth           #.........   100%        5    ######.


Dungeon Overview and Level Annotations

Branches:
Dungeon (4/15)
 Temple: D:4-7

Altars:
Yredelemnul

Annotations:
D:3 1 runed translucent door


Innate Abilities, Weirdness & Mutations

Your body is rotting away.
You thrive on raw meat.
You are immune to poison.
You have sharp fingernails.
You are carnivorous and can eat meat at any time.
Your flesh is cold resistant. (rC+)
You are immune to negative energy. (rN+++)
You do not regenerate when monsters are visible.
You are immune to unholy pain and torment.
You can survive without breathing.


Message History

The blast of sand misses the orc.
The blast of sand hits the orc priest but does no damage.
b - 69 stones You block the orc's attack.
You eat one of the 4 rations.
That ration really hit the spot!
The orc hits you but does no damage. The orc hits you with a +0 dagger.
You block the orc's attack.
The orc priest calls down the wrath of Beogh upon you.
Beogh smites you!
* * * LOW HITPOINT WARNING * * *
Unknown command.
You feel better. You block the orc's attack. The orc barely misses you.
The orc priest calls down the wrath of Beogh upon you.
Beogh smites you!
* * * LOW HITPOINT WARNING * * *
Unknown command.
The orc priest invokes the aid of Beogh against you.
Beogh smites you!
You die...

#### ###...
..#.. ....
#.. ##.# .
##..#
##..###...#
.......@#o#
.......a#o#
##..###...#
#. ##..#
#.. ##o#
.... ##Z#
.##..##..#
.........#
.......<.#


You could see a worker ant, an orc priest and an adder skeleton.

Vanquished Creatures
  Grinder (D:3)
  2 human zombies (D:3)
  A human skeleton (D:3)
  Natasha (D:2)
  4 adders (D:2)
  5 oozes
  2 worms (D:2)
  A dart slug (D:1)
  A leopard gecko (D:1)
  5 orcs (D:3)
  5 giant cockroaches
  11 goblins
  7 hobgoblins
  7 jackals
  A quokka (D:3)
  2 ball pythons
  3 bats
  2 frilled lizards (D:2)
  9 kobolds
  6 rats
76 creatures vanquished.

Notes
Turn   | Place    | Note
-------+----------+-------------------------------------------
     0 | D:1      | Aviak the Ghoul Earth Elementalist began the quest for the
                  | Orb.
     0 | D:1      | Reached XP level 1. HP: 14/14 MP: 2/2
    76 | D:1      | Reached skill level 2 in Dodging
    76 | D:1      | Reached XP level 2. HP: 11/19 MP: 1/3
   309 | D:1      | You fall into a shaft and drop 1 floor!
   880 | D:2      | Reached XP level 3. HP: 5/26 MP: 1/5
  1219 | D:1      | Reached skill level 1 in Unarmed Combat
  1222 | D:1      | Reached skill level 1 in Fighting
  2334 | D:2      | Reached XP level 4. HP: 28/31 MP: 6/6
  2736 | D:2      | Reached XP level 5. HP: 34/41 MP: 1/7
  2754 | D:2      | Noticed Natasha
  2755 | D:2      | Reached skill level 3 in Dodging
  2777 | D:2      | Killed Natasha
  3024 | D:3      | Noticed Grinder
  3028 | D:3      | Paralysed by Grinder for 2 turns
  3032 | D:3      | Killed Grinder
  3032 | D:3      | Reached XP level 6. HP: 48/51 MP: 8/8
  3473 | D:3      | Noticed a human
  3485 | D:3      | Found a runed translucent door.
  4033 | D:3      | Reached skill level 4 in Dodging
  4033 | D:3      | Reached XP level 7. HP: 26/57 MP: 0/9
  4220 | D:3      | Found a basalt altar of Yredelemnul.
  4348 | D:4      | Killed from afar by an orc priest

Illustrated notes

Levels and vault maps discovered:
D:1:      saegor_arrival_miasma, layout_basic
D:2:      kennysheep_the_goblin_king, layout_basic, uniq_natasha
D:3:      layout_loops_cross, dk_yredelemnul_ordeal, uniq_grinder
D:4:      layout_basic, lemuel_crystal_altar,
          gammafunk_temple_overflow_forgotten, palyth_stone_intersect

Skill      XL: |  1  2  3  4  5  6 |
---------------+-------------------+-----
Dodging        | 2 3 4 |  4.0
Spellcasting   | 2 |  2.0
Unarmed Combat | 1 2 3 |  3.8
Fighting       | 1 2 3 |  3.8
Stealth        | |  2.3
Shields        | |  0.8
Transmutations | |  0.8
Earth Magic    | |  3.5

Action                   |  1- 3 |  4- 6 |  7- 9 || total
-------------------------+-------+-------+-------++-------
Melee: Unarmed           |   139 |   189 |    11 ||   339
       Punch             |     1 |     1 |       ||     2
 Cast: Sandblast         |    12 |    27 |     9 ||    48
  Use: Potion            |       |     4 |     3 ||     7
 Stab: Sleeping          |     2 |       |       ||     2
  Eat: Chunk             |     3 |     6 |       ||     9
       Ration            |     1 |       |     1 ||     2
Armor: Robe              |    18 |       |       ||    18
       Ring mail         |     4 |    61 |     8 ||    73
Dodge: Dodged            |    80 |   108 |    15 ||   203
Block: Buckler           |       |     5 |     4 ||     9
